 Dungeon Crawl Stone Soup version 0.26-a0-835-g8259106e14 (webtiles) character file.

Game seed: 14526992576810124997

342 kenny the Magician (level 6, 0/42 HPs)
             Began as a Demonspawn Hedge Wizard on Nov 17, 2020.
             Was an Initiate of Gozag.
             Slain by an iguana (6 damage)
             ... on level 5 of the Dungeon.
             The game lasted 00:23:07 (6525 turns).

kenny the Magician (Demonspawn Hedge Wizard)        Turns: 6525, Time: 00:23:08

Health: 0/42       AC: 10    Str: 10    XL:     6   Next: 30%
Magic:  2/13       EV: 13    Int: 15    God:    Gozag
Gold:   312        SH:  0    Dex: 15    Spells: 3/14 levels left

rFire    . . .     SeeInvis +   a - +0 dagger
rCold    . . .     Faith    .   (no shield)
rNeg     . . .     Spirit   .   b - +0 robe
rPois    .         Reflect  .   c - +0 hat
rElec    .         Harm     .   (no cloak)
rCorr    .         Rampage  .   p - +0 pair of gloves
MR       .....                  y - +0 pair of boots
Stlth    ++........             (no amulet)
HPRegen  0.14/turn              m - +4 ring of protection
MPRegen  0.13/turn              u - ring of see invisible

@: gold aura
A: hooves 1, iridescent scales 1
a: Potion Petition, Call Merchant, Bribe Branch, Renounce Religion


You were on level 5 of the Dungeon.
You worshipped Gozag.
Gozag was aware of your devotion.
You visited 2 branches of the dungeon, and saw 6 of its levels.

You collected 444 gold pieces.
You paid 132 gold pieces to Gozag.

Inventory:

Hand Weapons
 a - a +0 dagger (weapon)
Missiles
 A - 30 poisoned darts (quivered)
Armour
 b - a +0 robe (worn)
 c - a +0 hat (worn)
 p - a +0 pair of gloves (worn)
 y - a +0 pair of boots (worn)
Jewellery
 m - a +4 ring of protection (left hand)
 u - a ring of see invisible (right hand)
 D - an uncursed ring of stealth
Wands
 i - a wand of flame (7)
 s - a wand of polymorph (11)
 w - a wand of paralysis (8)
 F - a wand of random effects (21)
 G - a wand of enslavement (12)
Scrolls
 d - 3 scrolls of amnesia {unknown}
 g - a scroll of enchant weapon {unknown}
 h - a scroll of immolation {unknown}
 j - 6 scrolls of identify {unknown}
 l - 4 scrolls of teleportation {unknown}
 n - a scroll of noise {unknown}
 o - 4 scrolls of magic mapping {unknown}
 t - a scroll of remove curse {unknown}
Potions
 e - 3 potions of might
 f - 5 potions of curing
 k - a potion of magic {unknown}
 q - 2 potions of mutation {unknown}
 r - a potion of attraction {unknown}
 v - 2 potions of degeneration {unknown}
 x - 2 potions of haste {unknown}
 z - a potion of ambrosia {unknown}
 B - a potion of heal wounds {unknown}
 C - a potion of flight {unknown}
 E - a potion of resistance {unknown}


   Skills:
 + Level 0.8 Fighting
 + Level 2.3 Short Blades
 + Level 2.4 Dodging
 + Level 2.0 Stealth
 + Level 4.8 Spellcasting
 + Level 2.0 Conjurations
 + Level 1.5 Summonings
 + Level 1.7 Translocations
 * Level 0.2 Poison Magic
 + Level 0.1 Evocations


You had 3 spell levels left.
You knew the following spells:

 Your Spells              Type           Power        Failure   Level
a - Magic Dart            Conj           #...         7%          1
b - Blink                 Tloc           N/A          12%         2
c - Call Imp              Summ           #.......     13%         2
d - Slow                  Hex            #.......     26%         2
e - Mephitic Cloud        Conj/Pois/Air  #.......     34%         3
f - Summon Small Mammal   Summ           #...         9%          1

Your spell library contained the following spells:

 Spells                   Type           Power        Failure   Level
 Apportation              Tloc           #.....       8%          1
 Animate Skeleton         Necr           #.....       17%         1
 Corona                   Hex            #......      17%         1
 Conjure Flame            Conj/Fire      #.......     32%         3


Dungeon Overview and Level Annotations

Branches:
Dungeon (5/15)             Temple (1/1) D:5

Altars:
Cheibriados
Fedhas
Gozag
Hepliaklqana
Kikubaaqudgha
Nemelex Xobeh
Qazlal
Ru
Sif Muna
Trog
Wu Jian
Zin

Shops:
D:5 =


Innate Abilities, Weirdness & Mutations

You have large cloven feet.
You are partially covered in iridescent scales. (AC +2)


Message History

Press: ? - help, Shift-Dir - straight line, f/p - adder
Aim: an adder (severely wounded)
The magic dart hits the adder.
You kill the adder!
Your bat hits the iguana but does no damage. x2
Your bat hits the iguana.
Your crimson imp barely misses the iguana.
Your shadow imp hits the iguana but does no damage.
Your magical contamination has completely faded away.
You hit the iguana but do no damage.
The iguana is moderately wounded.
Your bat hits the iguana but does no damage.
The iguana bites you!
* * * LOW HITPOINT WARNING * * *
The iguana is no longer moving slowly.
Your bat barely misses the iguana.
Your crimson imp hits the iguana but does no damage.
Your shadow imp gestures at the iguana.
The iguana writhes in agony.
The iguana bites you.
You die...
Your body crumbles into a pile of gold.

#.# ###......# ######.#.
#.#####......#####......#.
#.#..........'.....######.
#.#.###......####..#.##.#.
#.#.# ######## #..#....#.
##.#.# #..#.##.#. #..>.##
#..#.##... #######.######
#..#..#... #.#.@..#
#..#<##... #.5l5..#
#......... ###b##.#
#......... #.####.#
#.#....... #......#
#.######## #..##### #.#
#..# #.# #..# #.######
#..#######......#


You could see an iguana, a friendly crimson imp (summoned), a friendly shadow
imp (summoned) and a friendly bat (summoned).

Vanquished Creatures
  3 hounds
  An iguana (D:4)
  An orc wizard (D:4)
  5 adders
  An adder skeleton (D:4)
  2 worms
  A leopard gecko (D:3)
  6 orcs
  A ball python (D:2)
  8 bats
  4 giant cockroaches
  3 goblins
  6 hobgoblins
  4 jackals (D:2)
  2 quokkas (D:2)
  A ball python zombie (D:5)
  3 frilled lizards
  7 kobolds
  8 rats
67 creatures vanquished.

Vanquished Creatures (collateral kills)
  A scorpion (D:4)
  A hound (D:4)
  An adder (D:4)
  A white imp (D:5)
  A worm (D:2)
  The ghost of jasper the Sneak, a weakling PaDe (D:4)
  2 dart slugs
  An orc (D:4)
9 creatures vanquished.

Grand Total: 76 creatures vanquished

Notes
Turn   | Place    | Note
-------+----------+-------------------------------------------
     0 | D:1      | kenny the Demonspawn Hedge Wizard began the quest for the
                  | Orb.
     0 | D:1      | Reached XP level 1. HP: 13/13 MP: 4/4
   585 | D:1      | Gained mutation: You have large cloven feet. [demonic
                  | ancestry]
   585 | D:1      | Reached XP level 2. HP: 19/19 MP: 6/6
   827 | D:1      | Learned a level 2 spell: Blink
   830 | D:1      | Learned a level 2 spell: Call Imp
   833 | D:1      | Learned a level 2 spell: Slow
  1558 | D:2      | Gained mutation: You are partially covered in iridescent
                  | scales. (AC +2) [demonic ancestry]
  1558 | D:2      | Reached XP level 3. HP: 23/25 MP: 0/8
  2411 | D:2      | Reached XP level 4. HP: 31/31 MP: 1/9
  2627 | D:3      | Found a stormy altar of Qazlal.
  2627 | D:3      | Noticed a fire elemental
  2628 | D:3      | Noticed an air elemental
  2628 | D:3      | Noticed a water elemental
  2628 | D:3      | Noticed an earth elemental
  2642 | D:3      | Reached skill level 4 in Spellcasting
  3624 | D:4      | Reached skill level 1 in Translocations
  3643 | D:4      | Reached skill level 1 in Short Blades
  3643 | D:4      | Reached XP level 5. HP: 23/36 MP: 1/11
  3751 | D:4      | Learned a level 3 spell: Mephitic Cloud
  3838 | D:4      | Found a runed translucent door.
  3881 | D:4      | Noticed jasper's ghost (weakling PaDe)
  3960 | D:4      | Killed jasper's ghost
  4629 | D:5      | Entered Level 5 of the Dungeon
  5811 | D:5      | Reached XP level 6. HP: 42/42 MP: 11/13
  5938 | D:5      | Found a staircase to the Ecumenical Temple.
  5947 | Temple   | Entered the Ecumenical Temple
  6040 | Temple   | Became a worshipper of Gozag Ym Sagoz the Greedy
  6227 | D:5      | Found Giwejero's Jewellery Shop.
  6467 | D:5      | Learned a level 1 spell: Summon Small Mammal
  6525 | D:5      | Slain by an iguana

Illustrated notes

Levels and vault maps discovered:
D:1:      heliophobic_arrival_glass_houses, layout_rooms
D:2:      layout_basic
D:3:      layout_loops_ring, solitary_fountain, nicolae_qazlal_style_of_elements
D:4:      layout_gridville, ebering_ghost_reflecting_pool
D:5:      layout_basic, minmay_temple_entry_waves, serial_shops, shop
Temple:   minmay_temple_curvy_loop

Skill      XL: |  1  2  3  4  5  6 |
---------------+-------------------+-----
Dodging        | 2 |  2.4
Spellcasting   | 4 |  4.8
Translocations | 1 |  1.7
Short Blades   | 1 2 |  2.3
Conjurations   | 2 |  2.0
Stealth        | 2 |  2.0
Fighting       | |  0.8
Summonings     | |  1.5
Poison Magic   | |  0.2
Evocations     | |  0.1

Action                   |  1- 3 |  4- 6 || total
-------------------------+-------+-------++-------
Melee: Dagger            |   126 |   168 ||   294
       Kick              |    19 |     2 ||    21
 Cast: Magic Dart        |    66 |    95 ||   161
       Call Imp          |     8 |    17 ||    25
       Blink             |       |     5 ||     5
       Summon Small Mamm |       |     3 ||     3
       Slow              |       |     1 ||     1
Evoke: Wand              |       |     5 ||     5
  Use: Potion            |       |     2 ||     2
 Stab: Sleeping          |     1 |     3 ||     4
       Distracted        |       |     2 ||     2
Armor: Robe              |    60 |    72 ||   132
       Skin              |       |     1 ||     1
Dodge: Dodged            |   111 |   152 ||   263

Table legend: (Time is in decaauts)
 A = Elapsed time spent in this place.
 B = Non-inter-level travel time spent in this place.
 C = Inter-level travel time spent in this place.
 D = Time resting spent in this place.
 E = Time spent auto-exploring this place.
 F = Levels seen in this place.
 G = Mean time per level.
                   A        B        C        D        E       F      G
               +--------+--------+--------+--------+--------+-----+--------+
         Total |   6512 |   6330 |    182 |   2579 |   2629 |   6 | 1085.3 |
       Dungeon |   6298 |   6133 |    165 |   2579 |   2445 |   5 | 1259.6 |
        Temple |    213 |    196 |     17 |      0 |    184 |   1 |  213.0 |
               +--------+--------+--------+--------+--------+-----+--------+

Top non-repeatable levels by time:
     D:4: 2008 daAuts
     D:1: 1246 daAuts
     D:2: 1200 daAuts
     D:3: 1140 daAuts
     D:5: 702 daAuts
  Temple: 213 daAuts
